 Dungeon Crawl Stone Soup version 0.31-a0-620-gd1cbd99268 (webtiles) character file.

Game seed: 5866896251701407810

2639 javelincjr the Conjurer (level 9, -4/57 HPs)
             Began as a Demonspawn Conjurer on Aug 22, 2023.
             Slain by a yak (12 damage)
             ... on level 8 of the Dungeon on Aug 23, 2023.
             The game lasted 00:25:36 (9052 turns).

javelincjr the Conjurer (Demonspawn Conjurer)       Turns: 9052, Time: 00:25:37

Health: -4/57      AC: 17    Str: 14    XL:     9   Next: 35%
Magic:  8/17       EV: 14    Int: 23    God:
Gold:   320        SH:  4    Dex: 12    Spells: 12/19 levels left

rFire   . . .        u - +0 rapier (venom)
rCold   . . .        (no shield)
rNeg    . . .        a - +0 robe
rPois   .            r - +2 helmet
rElec   .            I - scarf {repulsion}
rCorr   .            (no gloves)
SInv    .            (no boots)
Will    .....        (no amulet)
Stlth   +++          s - +6 ring of strength
HPRegen 0.29/turn    J - +4 ring of protection
MPRegen 0.15/turn

%: repel missiles
@: lethally poisoned (-4 -> -8)
A: hooves 1, icemail 2, condensation shield
a: no special abilities


You were on level 8 of the Dungeon.
You visited 1 branch of the dungeon, and saw 8 of its levels.

You collected 320 gold pieces.

Inventory:

Hand Weapons
 c - a +0 dagger
 u - a +0 rapier of venom (weapon)
Missiles
 x - 14 poisoned darts
 z - a throwing net
Armour
 a - a +0 robe (worn)
 r - a +2 helmet (worn)
 t - a +0 cloak
 I - a scarf of repulsion (worn)
Magical Staves
 K - a staff of death
Jewellery
 s - a +6 ring of strength (left hand)
 J - a +4 ring of protection (right hand)
 M - a ring of resist corrosion
Wands
 l - a wand of flame (14)
 G - a wand of acid (2)
 L - a wand of charming (5)
Scrolls
 e - a scroll of fear {unknown}
 f - a scroll of noise
 g - 4 scrolls of teleportation {unknown}
 i - 3 scrolls of poison {unknown}
 j - 5 scrolls of identify {unknown}
 k - a scroll of enchant armour {unknown}
 p - a scroll of amnesia {unknown}
 q - a scroll of immolation {unknown}
 v - a scroll of fog {unknown}
 w - a scroll of torment {unknown}
 y - a scroll of summoning {unknown}
 B - 2 scrolls of blinking {unknown}
 F - a scroll of vulnerability {unknown}
Potions
 b - a potion of magic
 d - a potion of enlightenment {unknown}
 h - a potion of might {unknown}
 m - a potion of attraction {unknown}
 n - 3 potions of degeneration {unknown}
 o - 5 potions of curing {unknown}
 A - 2 potions of heal wounds {unknown}
 C - 2 potions of lignification {unknown}
 D - a potion of mutation {unknown}
 E - a potion of ambrosia {unknown}
 H - a potion of cancellation {unknown}


   Skills:
 + Level 4.2 Armour
 + Level 5.6 Dodging
 + Level 6.1 Stealth
 + Level 5.7 Spellcasting
 + Level 7.1 Conjurations


You had 12 spell levels left.
You knew the following spells:

 Your Spells              Type           Power      Damage    Failure   Level
a - Magic Dart            Conj           100%       1d8       1%          1
b - Searing Ray           Conj           78%        2d7       1%          2
c - Fulminant Prism       Conj/Hex       11%        3d9       21%         4

Your spell library contained the following spells:

 Spells                   Type           Power      Damage    Failure   Level
 Dazzling Flash           Conj/Hex       46%        N/A       6%          3
 Sting                    Tmut/Pois      24%        1d4       9%          1
 Poisonous Vapours        Pois/Air       12%        N/A       13%         2
 Iskenderun's Mystic Bla  Conj/Tloc      23%        2d6       21%         4
 Vhi's Electric Charge    Tloc/Air       12%        N/A       26%         3
 Arcjolt                  Conj/Air       11%        1d21      50%         5
 Olgreb's Toxic Radiance  Pois           6%         N/A       65%         4
 Plasma Beam              Fire/Air       3%         2x1d13    100%        6


Dungeon Overview and Level Annotations

Branches:
Dungeon (8/15)
 Temple: D:4-7         Lair: D:8-11

Altars:
Xom
Lugonu

Shops:
D:1 [   D:3 [   D:6 [   D:8 =

Portals:
Abyss: D:6


Innate Abilities, Weirdness & Mutations

You have large cloven feet.
A meltable icy envelope protects you from harm. (AC +8)
A meltable shield of frost defends you. (SH +4)


Message History

The hornet is lightly wounded.
The yak misses you. The hornet closely misses you.
The searing ray hits the hornet.
The hornet is moderately wounded.
You finish channelling your searing ray.
The hornet completely misses you. The yak closely misses you.
You block the hornet's attack.
Casting: Searing Ray (safe; 1% risk of failure)
Confirm with . or Enter, or press ? or * to list all spells.
Aiming: Searing Ray (safe; 1% risk of failure)
Press: ? - help, Shift-Dir - straight line, f/p - hornet
Aim: a hornet (moderately wounded, 71% to hit)
The searing ray hits the hornet.
The hornet is heavily wounded. (Press . to maintain the ray.)
You block the yak's attack.
The hornet stings you but does no damage.
The searing ray hits the hornet!
The hornet is severely wounded.
The hornet stings you.
You feel yourself slow down. The yak gores you.
The hornet stings you but does no damage.
The searing ray hits the hornet.
The hornet is severely wounded.
The hornet stings you but does no damage.
The yak barely misses you. The hornet stings you!
* * * LOW HITPOINT WARNING * * *
You are poisoned.
You feel as though you will be slow longer.
The yak barely misses you.
The searing ray hits the hornet!
You kill the hornet!
You finish channelling your searing ray.
You feel very sick. The yak gores you but does no damage.
You hit the yak but do no damage. You kick the yak, but do no damage.
The yak is severely wounded.
You feel yourself speed up.
You feel very sick.
The yak looks more healthy.
The yak misses you. The yak gores you!
You die...

#... #....# #.
...#..# ##...
.......####.....
#...........#
#...# ##..#
##Y.# #@..###
#.....##
.##......##
...........#
###...<....#
##........#
#.........#
#.........##
#........##


You could see a yak.

Vanquished Creatures
  A hornet (D:8)
  A shadow (D:7)
  2 yaks
  A steam dragon (D:8)
  2 sky beasts
  An ogre (D:6)
  3 centaurs (D:7)
  A phantom (D:4)
  2 kobold brigands
  2 bullfrogs
  3 killer bees (D:7)
  3 howler monkeys
  2 vampire bats (D:4)
  4 hounds
  An orc priest (D:7)
  A gnoll bouda (D:7)
  2 sleepcaps
  3 iguanas
  Natasha (twice) (D:2)
  2 orc wizards (D:7)
  Robin (D:2)
  3 gnolls (D:7)
  10 adders
  A shadow imp (D:6)
  A white imp (D:6)
  An ufetubus (D:7)
  2 worms
  6 dart slugs
  22 orcs
  8 ball pythons
  7 bats
  5 endoplasms
  8 goblins
  9 hobgoblins
  7 quokkas
  4 frilled lizards
  13 kobolds
  7 rats
  A lurking horror (D:6)
155 creatures vanquished.

Vanquished Creatures (others)
  A fulminant prism (D:8)
1 creature vanquished.

Grand Total: 156 creatures vanquished

Notes
Turn   | Place    | Note
-------+----------+-------------------------------------------
     0 | D:1      | javelincjr the Demonspawn Conjurer began the quest for the
                  | Orb.
     0 | D:1      | Reached XP level 1. HP: 13/13 MP: 3/3
   327 | D:1      | Found Izenidar's Antique Armour Boutique.
   394 | D:1      | Gained mutation: A meltable shield of frost defends you.
                  | (SH +4) [demonic ancestry]
   394 | D:1      | Reached XP level 2. HP: 19/19 MP: 1/5
   896 | D:1      | Learned a level 2 spell: Searing Ray
  1346 | D:2      | You fall into a shaft and drop 2 floors!
  1546 | D:2      | Gained mutation: A meltable icy envelope protects you from
                  | harm. (AC +8) [demonic ancestry]
  1546 | D:2      | Reached XP level 3. HP: 8/24 MP: 1/6
  1686 | D:2      | Noticed Robin
  1703 | D:2      | Killed Robin
  1957 | D:2      | Reached XP level 4. HP: 30/30 MP: 5/7
  2309 | D:2      | Noticed Natasha
  2312 | D:2      | Killed Natasha
  2562 | D:2      | Noticed Natasha
  2572 | D:2      | Killed Natasha
  2730 | D:3      | Gained mutation: A meltable icy envelope protects you from
                  | harm. (AC +8) [demonic ancestry]
  2730 | D:3      | Reached XP level 5. HP: 35/35 MP: 7/9
  3325 | D:3      | Found Gotyph's Armour Boutique.
  3466 | D:3      | Found a shimmering altar of Xom.
  3537 | D:4      | Noticed a phantom
  3548 | D:4      | Killed a phantom
  3830 | D:4      | Reached skill level 5 in Conjurations
  3830 | D:4      | Reached XP level 6. HP: 40/41 MP: 6/11
  4784 | D:5      | Entered Level 5 of the Dungeon
  4868 | D:5      | Reached skill level 1 in Armour
  4868 | D:5      | Reached XP level 7. HP: 45/46 MP: 3/12
  5589 | D:6      | Found a one-way gate to the infinite horrors of the Abyss.
  5779 | D:6      | Found a corrupted altar of Lugonu.
  6168 | D:6      | Found Geefowos's Armour Shop.
  6886 | D:7      | Gained mutation: You have large cloven feet. [demonic
                  | ancestry]
  6886 | D:7      | Reached XP level 8. HP: 52/52 MP: 8/14
  6952 | D:7      | Reached skill level 6 in Conjurations
  7373 | D:7      | Reached skill level 5 in Stealth
  7547 | D:7      | Reached skill level 5 in Spellcasting
  7614 | D:7      | Reached skill level 5 in Dodging
  8347 | D:8      | Found Woetse's Jewellery Boutique.
  8443 | D:8      | Reached XP level 9. HP: 51/57 MP: 4/17
  8539 | D:8      | Upgraded the game from 0.31-a0-618-g7ca08c1ff9 to
                  | 0.31-a0-620-gd1cbd99268
  8552 | D:8      | Learned a level 4 spell: Fulminant Prism
  8937 | D:7      | Reached skill level 7 in Conjurations
  9052 | D:8      | Slain by a yak

Illustrated notes

Levels and vault maps discovered:
D:1:      psy_arrival_fountain, layout_basic, serial_shops,
          nicolae_shop_tiny_glass, minmay_misc_feat_hallway,
          chequers_serial_rivers_room_a
D:2:      layout_loops_cross, minmay_crystal_room, hangedman_decor_push,
          uniq_robin, uniq_natasha
D:3:      layout_loops_corners, xom_teletrap_fun, serial_shops, shop,
          amcnicky_mini_pool_small
D:4:      layout_loops_ring, roderic_batcave, nicolae_figureground_pulse
D:5:      layout_gridville
D:6:      layout_basic, serial_shops, shop, amcnicky_altar_lugonu_corruption
D:7:      layout_basic, minmay_temple_entry_from_below_b
D:8:      layout_cave_pods, lemuel_doored_altar, serial_shops,
          nicolae_shop_tiny_waterfront, shop, shop,
          nicolae_shop_advertising_works [nicolae_subvault_shop_adworks]

Skill      XL: |  1  2  3  4  5  6  7  8  9 |
---------------+----------------------------+-----
Stealth        | 2 3 4 5 6 |  6.1
Dodging        | 2 3 4 5 |  5.6
Spellcasting   | 3 4 5 |  5.7
Conjurations   | 5 6 7 |  7.1
Armour         | 1 2 3 4 |  4.2

Action                     |  1- 3 |  4- 6 |  7- 9 || total
---------------------------+-------+-------+-------++-------
  Melee: Unarmed           |    10 |       |       ||    10
         Dagger            |    50 |    28 |       ||    78
         Rapier            |       |    19 |    31 ||    50
         Kick              |       |       |     8 ||     8
         Punch             |       |       |     1 ||     1
   Cast: Magic Dart        |    52 |    59 |    89 ||   200
         Searing Ray       |     3 |    23 |    42 ||    68
         Fulminant Prism   |       |       |     1 ||     1
    Use: Scroll            |       |     1 |       ||     1
 Armour: Robe              |     9 |    19 |    47 ||    75
  Dodge: Dodged            |    24 |    51 |    80 ||   155
  Block: Other             |     5 |     7 |    19 ||    31

Table legend: (Time is in decaauts)
 A = Elapsed time spent in this place.
 B = Non-inter-level travel time spent in this place.
 C = Inter-level travel time spent in this place.
 D = Time resting spent in this place.
 E = Time spent auto-exploring this place.
 F = Levels seen in this place.
 G = Mean time per level.
                   A        B        C        D        E       F      G
               +--------+--------+--------+--------+--------+-----+--------+
         Total |   9060 |   8822 |    238 |    799 |   6923 |   8 | 1132.5 |
       Dungeon |   9060 |   8822 |    238 |    799 |   6923 |   8 | 1132.5 |
               +--------+--------+--------+--------+--------+-----+--------+

Top non-repeatable levels by time:
     D:7: 1737 daAuts
     D:1: 1321 daAuts
     D:4: 1293 daAuts
     D:2: 1245 daAuts
     D:6: 1156 daAuts
     D:3: 921 daAuts
     D:5: 759 daAuts
     D:8: 623 daAuts
